 Dungeon Crawl Stone Soup version 0.30.1-3-gfc49f6343a (webtiles) character file.

Game seed: 8563304910366169210

49071 monsoonserge the Bludgeoner (level 14, 0/133 HPs)
             Began as a Minotaur Berserker on Aug 7, 2023.
             Was the Champion of Trog.
             Slain by a chaos spawn (2 damage)
             ... summoned by an orc high priest
             ... on level 1 of the Elven Halls.
             The game lasted 01:14:46 (15371 turns).

monsoonserge the Bludgeoner (Minotaur Berserker)   Turns: 15371, Time: 01:14:47

Health: 0/133      AC: 27    Str: 26    XL:     14   Next: 14%
Magic:  13/13      EV: 10    Int: -1 (4) God:    Trog [******]
Gold:   1790       SH:  0    Dex: 17    Spells: 13/13 levels left

rFire   + . .        a - +5 great mace of the Skies Above {heavy, rElec rC++}
rCold   + + .        (shield currently unavailable)
rNeg    . . .        m - +2 plate armour {Will+}
rPois   .            U - +2 hat
rElec   +            W - +2 cloak {rF+}
rCorr   .            P - +0 pair of gloves
SInv    .            p - +0 pair of boots
Will    ++...        o - amulet of regeneration Stlth
                     Q - +6 ring of dexterity
HPRegen 1.22/turn    e - +4 ring of protection
MPRegen 0.13/turn

%: no passive effects
@: lethally poisoned (0 -> -1), corroded, hasted and slowed, lost intelligence,
unable to read
A: horns 2, retaliatory headbutt, wild magic 1
a: Renounce Religion, Berserk, Trog's Hand, Brothers in Arms


You were on level 1 of the Elven Halls.
You worshipped Trog.
Trog was exalted by your worship.
You visited 5 branches of the dungeon, and saw 20 of its levels.
You visited the Abyss 1 time.
You also visited: Volcano.

You collected 1790 gold pieces.

Inventory:

Hand Weapons
 a - the +5 great mace of the Skies Above (weapon) {heavy, rElec rC++}
   (Trog gifted it to you on level 14 of the Dungeon)

   rC:        It greatly protects you from cold.
   rElec:     It insulates you from electricity.
 b - a +2 longbow of flaming
 g - a +2 flail of draining
 i - a +1 arbalest of freezing
 n - the +4 sling of Stickiness {antimagic, rElec Int+3}
   (You found it on level 3 of the Dungeon)

   Int:       It affects your intelligence (+3).
   rElec:     It insulates you from electricity.
 q - a +4 demon trident
 y - a +3 broad axe of flaming
Missiles
 d - 29 poisoned darts
 r - 3 throwing nets
 t - 27 boomerangs (quivered)
 v - 4 curare-tipped darts
 J - 2 boomerangs of dispersal
 K - 5 silver javelins
Armour
 m - a +2 plate armour of willpower (worn)
 p - a +0 pair of boots (worn)
 H - a +2 chain mail of poison resistance
 P - a +0 pair of gloves (worn)
 U - a +2 hat (worn)
 W - a +2 cloak of fire resistance (worn)
 X - a +3 plate armour of fire resistance
 Y - a +0 kite shield
Jewellery
 e - a +4 ring of protection (right hand)
 o - an amulet of regeneration (around neck)
 Q - a +6 ring of dexterity (left hand)
Wands
 h - a wand of polymorph (12)
 j - a wand of charming (20)
 D - a wand of flame (36)
 G - a wand of mindburst (23)
 M - a wand of roots (24)
Scrolls
 f - 2 scrolls of fog {unknown}
 l - a scroll of brand weapon {unknown}
 z - 2 scrolls of immolation {unknown}
 A - a scroll of enchant weapon {unknown}
 C - 2 scrolls of magic mapping {unknown}
 E - 5 scrolls of teleportation
 F - a scroll of torment {unknown}
 I - a scroll of acquirement {unknown}
 L - 4 scrolls of fear
 O - a scroll of poison {unknown}
 T - 2 scrolls of blinking
Potions
 c - 2 potions of heal wounds
 k - 3 potions of haste
 s - a potion of invisibility
 u - 2 potions of attraction
 w - 2 potions of cancellation
 x - 3 potions of curing
 B - a potion of resistance
 N - a potion of ambrosia
 R - 2 potions of lignification
 S - a potion of berserk rage {unknown}


   Skills:
 + Level 14.5 Fighting
 - Level 4.7(11.5) Axes
 + Level 16.0(16.3) Maces & Flails
 + Level 11.7 Ranged Weapons
 + Level 1.2 Throwing
 + Level 14.0 Armour
 + Level 4.2 Dodging
 - Level 3.0 Stealth
 - Level 4.0 Evocations


You had 13 spell levels left.
You didn't know any spells.
Your spell library contained the following spells:

 Spells                   Type           Power      Damage    Failure   Level
 Foxfire                  Conj/Fire      0%         2x1d4     100%        1
 Magic Dart               Conj           0%         1d3       100%        1
 Searing Ray              Conj           0%         2d4       100%        2
 Tukima's Dance           Hex            0%         N/A       100%        3
 Fulminant Prism          Conj/Hex       0%         3d5       100%        4
 Passage of Golubria      Tloc           0%         N/A       100%        4
 Alistair's Intoxication  Tmut/Pois      0%         N/A       100%        5
 Borgnjor's Vile Clutch   Necr/Erth      0%         N/A       100%        5
 Fireball                 Conj/Fire      0%         3d3       100%        5
 Yara's Violent Unravell  Hex/Tmut       0%         3d3       100%        5
 Conjure Ball Lightning   Conj/Air       0%         3x3d6     100%        6
 Eringya's Noxious Bog    Tmut/Pois      0%         N/A       100%        6
 Plasma Beam              Fire/Air       0%         2x1d11    100%        6
 Starburst                Conj/Fire      0%         6d3       100%        6
 Discord                  Hex            0%         N/A       100%        8
 Disjunction              Tloc           0%         N/A       100%        8


Dungeon Overview and Level Annotations

Branches:
Dungeon (14/15)            Temple (1/1) D:6            Lair (2/5) D:10
 Spider (0/4) Lair:2          Orc (2/2) D:11            Elf (1/3) Orc:2
 Vaults (0/5) D:14        Volcano (visited)
  Swamp: Lair:2-3    Shoals: Lair:2-3

Altars:
Ashenzari
Cheibriados
Dithmenos
Elyvilon
Fedhas
Gozag
Hepliaklqana
Kikubaaqudgha
Makhleb
Nemelex Xobeh
Okawaru
Qazlal
Ru
Sif Muna
Trog
Uskayaw
Vehumet
Wu Jian
Xom
Yredelemnul
Zin
The Shining One

Shops:
D:6 =   D:7 (   Orc:1 :   Orc:2 =*([

Annotations:
D:4 3 runed translucent doors, shmup's ghost, amateur TeFE
D:13 4 runed translucent doors


Innate Abilities, Weirdness & Mutations

You have a pair of horns on your head.
You reflexively headbutt those who attack you in melee.
Your spells are a little harder to cast, but a little more powerful.


Message History

The chaos spawn attacks as you move away!
The chaos spawn gores you but does no damage.
You are covered in liquid flames!
* * * LOW HITPOINT WARNING * * *
You feel sick.
Your cyclops hits the deep elf pyromancer!!!
The deep elf pyromancer dies!
Trog accepts your kill.
Trog appreciates your killing of a magic user.
The fire elemental disappears in a puff of smoke!
The ufetubus is engulfed in blazing flames.
The ufetubus dies!
The ufetubus disappears in a puff of smoke!
The deep elf pyromancer gestures wildly while chanting.
The deep elf pyromancer blinks!
The chaos spawn hits you but does no damage.
The chaos spawn attacks as you move away!
The chaos spawn barely misses you.
The chaos spawn attacks as you move away!
The chaos spawn hits you but does no damage.
You are covered in liquid flames!
* * * LOW HITPOINT WARNING * * *
You feel sick.
Your cyclops barely misses the ufetubus.
The ynoxinul gestures at you. The iron shot hits your cyclops!
You are covered in liquid flames!
* * * LOW HITPOINT WARNING * * *
You are no longer on fire.
You feel sick.
Your cyclops hits the ynoxinul!!!
The ynoxinul dies!
The ynoxinul disappears in a puff of smoke!
The ufetubus disappears in a puff of smoke! x2
The orc high priest is engulfed in blazing flames.
You see here a +0 rapier.
The chaos spawn attacks as you move away!
The chaos spawn hits you!
* * * LOW HITPOINT WARNING * * *
The chaos spawn shocks you. You resist.
You die...

###############
#..○...4......#
#.⌠§).EE@...<.#
#.)C○o.4......#
#..)###########
#.°.#.....#
#.°..........
#.............
#...#.....#...#
###########...#
....... ..#


You could see an orc high priest, 2 fire elementals, 2 chaos spawn and a
friendly cyclops (summoned, berserk).

Vanquished Creatures
  Gastronok (Lair:2)
  2 orc warlords
  Josephine (Orc:2)
  2 two-headed ogres
  A tengu warrior (D:14)
  Urug (D:12)
  6 orc high priests
  A wretched star (Abyss:2)
  6 orc knights
  A necromancer (D:14)
  A wizard (D:14)
  A deep elf pyromancer (Elf:1)
  7 orc sorcerers
  7 ugly things
  An iron dragon skeleton (Abyss:2)
  2 manticores
  A worldbinder (Abyss:2)
  An apocalypse crab (Abyss:2)
  A molten gargoyle (Volcano)
  A black mamba (Lair:2)
  3 gargoyles (Volcano)
  A smoke demon (Abyss:2)
  An unseen horror (Abyss:2)
  5 cane toads
  A rime drake (Lair:2)
  A komodo dragon (Lair:1)
  An ancient zyme (Abyss:2)
  6 trolls
  3 meliai (D:14)
  A hornet (D:9)
  2 vampires
  2 water elementals (D:14)
  A wyvern (D:9)
  21 yaks
  6 wraiths
  A ynoxinul (Abyss:2)
  19 starcursed masses (Abyss:2)
  A golden eye (Abyss:2)
  A steam dragon (D:10)
  7 vampire mosquitoes (D:11)
  A neqoxec (Abyss:2)
  A basilisk (Lair:2)
  Menkaure (D:6)
  5 wargs
  An acid dragon (D:12)
  3 water moccasins
  Edmund (D:4)
  41 orc warriors
  3 black bears
  An ice beast (D:6)
  5 centaurs
  14 ogres
  A phantom (D:6)
  3 kobold brigands
  6 bullfrogs
  4 scorpions
  7 wights
  13 killer bees
  4 howler monkeys
  5 hounds
  2 gnoll boudas
  24 orc priests
  3 iguanas
  27 orc wizards
  20 gnolls
  9 adders
  5 white imps
  3 ufetubi
  A worm (D:2)
  4 dart slugs
  86 orcs
  4 endoplasms
  4 giant cockroaches
  6 goblins
  6 hobgoblins
  14 jackals
  2 quokkas (D:2)
  7 ball pythons
  5 bats
  6 frilled lizards
  25 kobolds
  7 rats
519 creatures vanquished.

Vanquished Creatures (collateral kills)
  Fannar (Lair:2)
  A death knight (Abyss:2)
  A deep elf pyromancer (Elf:1)
  A deep elf zephyrmancer (Elf:1)
  A centaur zombie (Abyss:2)
  A large abomination (Abyss:2)
  3 fire bats (Lair:2)
  A golden eye (Abyss:2)
  2 orc warriors (Orc:2)
  3 starcursed masses (Abyss:2)
15 creatures vanquished.

Vanquished Creatures (others)
  An orc wizard (Orc:2)
1 creature vanquished.

Grand Total: 535 creatures vanquished

Notes
Turn   | Place    | Note
-------+----------+-------------------------------------------
     0 | D:1      | monsoonserge the Minotaur Berserker began the quest for the
                  | Orb.
     0 | D:1      | Reached XP level 1. HP: 19/19 MP: 0/0
   173 | D:1      | Reached XP level 2. HP: 12/27 MP: 1/1
   573 | D:2      | Reached XP level 3. HP: 34/34 MP: 2/2
   677 | D:2      | Reached ** piety under Trog
  1196 | D:3      | Reached XP level 4. HP: 41/41 MP: 3/3
  1303 | D:3      | Reached XP level 5. HP: 37/47 MP: 4/4
  1309 | D:3      | Reached skill level 5 in Fighting
  1314 | D:3      | Reached *** piety under Trog
  1487 | D:3      | Identified the +4 sling of Stickiness {antimagic, rElec
                  | Int+3}
  1514 | D:3      | Found a glowing silver altar of Zin.
  1516 | D:3      | Found an opulent altar of Gozag.
  1549 | D:3      | Reached skill level 1 in Evocations
  1601 | D:3      | Reached skill level 1 in Maces & Flails
  1608 | D:3      | Reached skill level 1 in Ranged Weapons
  1756 | D:3      | Reached skill level 2 in Maces & Flails
  1756 | D:3      | Reached XP level 6. HP: 36/56 MP: 1/5
  2187 | D:4      | Found a runed translucent gate.
  2187 | D:4      | Found a runed translucent gate.
  2187 | D:4      | Found a runed translucent gate.
  2404 | D:4      | Noticed an ice beast
  2405 | D:4      | Noticed shmup's ghost (amateur TeFE)
  2405 | D:4      | Noticed an ice beast
  3079 | D:5      | Entered Level 5 of the Dungeon
  3127 | D:5      | Noticed Edmund
  3137 | D:4      | Killed Edmund
  3138 | D:4      | Reached skill level 3 in Maces & Flails
  3138 | D:4      | Reached skill level 5 in Armour
  3138 | D:4      | Reached XP level 7. HP: 43/61 MP: 2/6
  3362 | D:5      | Reached **** piety under Trog
  3493 | D:5      | Found the +6 Majin-Bo {spellvamp, MP+6 Int+6}
  3521 | D:5      | Reached skill level 4 in Maces & Flails
  3581 | D:5      | Reached XP level 8. HP: 38/70 MP: 3/7
  3604 | D:5      | Reached skill level 5 in Maces & Flails
  4256 | D:6      | Reached skill level 5 in Ranged Weapons
  4261 | D:6      | Found Venaasa's Jewellery Shop.
  4332 | D:6      | Reached skill level 6 in Maces & Flails
  4508 | D:6      | Found a staircase to the Ecumenical Temple.
  4517 | Temple   | Entered the Ecumenical Temple
  4775 | D:6      | Noticed Menkaure
  4786 | D:6      | Killed Menkaure
  4787 | D:6      | Reached XP level 9. HP: 61/78 MP: 2/8
  5103 | D:6      | Reached skill level 7 in Maces & Flails
  5699 | D:7      | Found Tutom's Hydra Hut.
  5701 | D:7      | Noticed a five-headed hydra
  5782 | D:7      | Found a hide-covered altar of Uskayaw.
  6008 | D:7      | Found a radiant altar of Vehumet.
  6560 | D:8      | Reached ***** piety under Trog
  6754 | D:8      | Identified the +4 dagger of Pandemonium {speed, rC+ rN+
                  | SInv}
  7208 | D:9      | Reached skill level 8 in Maces & Flails
  7294 | D:9      | Reached XP level 10. HP: 88/88 MP: 3/9
  7607 | D:9      | Reached skill level 9 in Maces & Flails
  7882 | D:10     | Entered Level 10 of the Dungeon
  7962 | D:10     | Found a staircase to the Lair.
  8553 | D:10     | Found an iron altar of Okawaru.
  8795 | D:11     | Reached skill level 10 in Maces & Flails
  8924 | Lair:1   | Entered Level 1 of the Lair of Beasts
  9158 | Lair:1   | Noticed a cane toad
  9164 | Lair:1   | Killed a cane toad
  9296 | Lair:1   | Noticed a cane toad
  9302 | Lair:1   | Killed a cane toad
  9951 | Lair:1   | Noticed a cane toad
  9957 | Lair:1   | Killed a cane toad
  9958 | Lair:1   | Reached skill level 1 in Stealth
  9958 | Lair:1   | Reached XP level 11. HP: 95/95 MP: 3/10
 10084 | Lair:2   | Found a hole to the Spider Nest.
 10199 | Lair:2   | Noticed Gastronok
 10219 | Lair:2   | Killed Gastronok
 10220 | Lair:2   | Reached skill level 11 in Maces & Flails
 10350 | Lair:2   | Reached skill level 10 in Ranged Weapons
 10389 | Lair:2   | Noticed Fannar
 10396 | Lair:2   | Reached skill level 10 in Armour
 10402 | Lair:2   | Reached skill level 12 in Maces & Flails
 10425 | Lair:2   | Killed Fannar
 10439 | Lair:2   | Reached skill level 10 in Fighting
 10439 | Lair:2   | Found a dark tunnel.
 10475 | Volcano  | Entered a volcano
 10654 | Volcano  | Reached skill level 13 in Maces & Flails
 10910 | D:11     | Found the +0 toga "Victory" {*Victory Clar}
 11130 | D:11     | You fall into a shaft and drop 3 floors!
 11138 | D:14     | Reached XP level 12. HP: 93/107 MP: 11/11
 11189 | D:14     | Noticed a two-headed ogre
 11211 | D:14     | Identified the +5 great mace of the Skies Above {heavy,
                  | rElec rC++} (Trog gifted it to you on level 14 of the
                  | Dungeon)
 11211 | D:14     | Received a gift from Trog
 11221 | D:14     | Killed a two-headed ogre
 11224 | Abyss:2  | Cast into level 2 of the Abyss (a wizard)
 11304 | Abyss:2  | Noticed a starcursed mass
 11342 | Abyss:2  | Found a corrupted altar of Lugonu.
 11346 | Abyss:2  | Found a corrupted altar of Lugonu.
 11346 | Abyss:2  | Found a corrupted altar of Lugonu.
 11352 | Abyss:2  | Noticed a starcursed mass
 11361 | Abyss:2  | Paralysed by accursed screaming for 1 turns
 11384 | Abyss:2  | Found a corrupted altar of Lugonu.
 11392 | Abyss:2  | Noticed a starcursed mass
 11418 | Abyss:2  | Noticed a death knight
 11441 | Abyss:2  | Killed a death knight
 11506 | Abyss:2  | Gained mutation: Your spells are a little harder to cast,
                  | but a little more powerful. [a neqoxec]
 11507 | Abyss:2  | Received a gift from Trog
 11577 | D:14     | Escaped the Abyss
 11577 | D:14     | Noticed a tengu warrior
 11588 | D:14     | Killed a tengu warrior
 11599 | D:14     | Found a gate to the Vaults.
 11724 | D:13     | Noticed a catoblepas
 11747 | D:12     | Noticed Urug
 11762 | D:12     | Killed Urug
 11763 | D:12     | Reached XP level 13. HP: 36/119 MP: 12/12
 11851 | D:12     | Found a bloodstained altar of Trog.
 11952 | D:13     | Found a runed translucent door.
 11964 | D:13     | Found a runed translucent door.
 11976 | D:13     | Found a runed translucent door.
 11994 | D:13     | Found a runed translucent door.
 12179 | D:11     | Found a staircase to the Orcish Mines.
 12899 | Orc:1    | Entered Level 1 of the Orcish Mines
 12974 | Orc:1    | Reached skill level 14 in Maces & Flails
 13390 | Orc:1    | Reached ****** piety under Trog
 13489 | Orc:2    | Entered Level 2 of the Orcish Mines
 13718 | Orc:2    | Found Vosukil's Jewellery Emporium.
 13766 | Orc:1    | Noticed an orc warlord
 13766 | Orc:1    | Found Tetujyuw's Book Emporium.
 13848 | Orc:2    | Noticed an orc warlord
 13873 | Orc:1    | Killed an orc warlord
 13874 | Orc:1    | Reached skill level 1 in Throwing
 13991 | Orc:2    | Found Haurau's Antique Weapon Shop.
 14039 | Orc:1    | Reached skill level 15 in Maces & Flails
 14250 | Orc:2    | Killed an orc warlord
 14488 | Orc:2    | Found a staircase to the Elven Halls.
 14501 | Orc:2    | Noticed Josephine
 14511 | Orc:2    | Killed Josephine
 14670 | Orc:2    | Found Mile's General Store.
 14827 | Orc:1    | Reached XP level 14. HP: 130/133 MP: 13/13
 14864 | Orc:2    | Received a gift from Trog
 14915 | Orc:2    | Found Jaackazot's Antique Armour Shop.
 15336 | Elf:1    | Entered Level 1 of the Elven Halls
 15353 | Elf:1    | Lost intelligence.
 15362 | Elf:1    | Reached skill level 16 in Maces & Flails
 15371 | Elf:1    | HP: 2/133 [chaos spawn[an orc high priest] (13)]
 15371 | Elf:1    | Slain by a chaos spawn

Illustrated notes

Levels and vault maps discovered:
D:1:      tarquinn_simple_flora_water_e, layout_basic
D:2:      layout_basic
D:3:      layout_basic, nicolae_gozag_seed_capital,
          mainiacjoe_overflow_tiny_flanked
D:4:      layout_basic, gammafunk_ghost_icy, serial_forest,
          infiniplex_forest_straight_1, infiniplex_forest_fountain,
          infiniplex_forest_end_double, infiniplex_forest_split,
          infiniplex_forest_lined_2
D:5:      layout_rooms, roderic_serpentine_path, minivault_4,
          kennysheep_doodads, solitary_fountain, uniq_edmund
D:6:      layout_cave_pools, minmay_temple_entry_arrows, serial_shops, shop,
          uniq_menkaure
D:7:      layout_cave_pools, nicolae_vehumet_altar_sigil, kennysheep_mini,
          doesnt_shop_hydraphobe
D:8:      layout_gridville
D:9:      layout_loops_cross, nicolae_elevator_lobby_plus
D:10:     layout_irregular_city, okawaru_altar_gauntlet_db,
          grunt_lair_entry_orc_guard_hut, serial_column_ruins, column_ruins_hut,
          column_ruins_hut, column_ruins_columns_corner,
          column_ruins_columns_straight, column_ruins_columns_dead_end
D:11:     layout_small_grid, david_orc_1_choice
D:12:     layout_roguey, trog_three_pillars_becter, uniq_urug
D:13:     layout_basic, minmay_statue_crystal_thing
D:14:     layout_basic, david_vaults_1, grunt_decor_arrowhead, serial_shops,
          shop, grunt_decor_resistance, minmay_diced_spiral
Temple:   minmay_crystal_spiral_temple
Lair:1:   layout_layer_cave
Lair:2:   layout_chaotic_city, spider_nest_entry_a,
          nicolae_volcano_entry_batcave, uniq_fannar, uniq_gastronok
Orc:1:    layout_diamond_mine, serial_shops, nicolae_shop_tiny_statue_garden
Orc:2:    grunt_orc_gardens, layout_caves, grunt_orc_garden, grunt_orc_garden,
          grunt_orc_garden, grunt_orc_garden, david_defended_altar_orc,
          uniq_josephine
Elf:1:    nicolae_elf_arrival_no_cutting_in_line, layout_geoelf_octagon,
          minmay_elf_annihilation, nicolae_elf_v_pinch, uniq_aizul, uniq_jorgrun

Skill      XL: |  1  2  3  4  5  6  7  8  9 10 11 12 13 14 |
---------------+-------------------------------------------+-----
Fighting       | 4 5 6 8 10 12 14 | 14.5
Axes           | 4 |  4.7
Armour         | 3 4 5 6 7 8 9 10 12 13 14 | 14.0
Dodging        | 3 4 |  4.2
Evocations     | 1 2 3 4 |  4.0
Maces & Flails | 2 3 4 6 8 10 13 15 16 | 16.0
Ranged Weapons | 1 2 4 5 8 9 10 11 | 11.7
Stealth        | 1 3 |  3.0
Throwing       | 1 |  1.2

Action                     |  1- 3 |  4- 6 |  7- 9 | 10-12 | 13-15 || total
---------------------------+-------+-------+-------+-------+-------++-------
  Melee: Hand axe          |    74 |     7 |       |       |       ||    81
         Headbutt          |     9 |    12 |    29 |    86 |    58 ||   194
         Flail             |       |    98 |       |       |       ||    98
         Dire flail        |       |       |   191 |   278 |       ||   469
         Sling             |       |       |       |     2 |       ||     2
         Great mace        |       |       |       |   100 |   334 ||   434
   Fire: Sling             |       |    35 |   118 |    61 |       ||   214
         Longbow           |       |       |       |    18 |    71 ||    89
  Throw: Boomerang         |       |       |     3 |     2 |     1 ||     6
         Dart              |       |       |       |       |     9 ||     9
 Invoke: Berserk           |       |     2 |     2 |     4 |     1 ||     9
         Trog's Hand       |       |       |     1 |     1 |       ||     2
         Brothers in Arms  |       |       |       |     2 |     2 ||     4
    Use: Scroll            |       |       |       |    13 |     2 ||    15
         Potion            |       |       |       |     6 |     2 ||     8
 Armour: Leather armour    |    11 |       |       |       |       ||    11
         Ring mail         |    16 |     4 |       |       |       ||    20
         Chain mail        |       |    71 |   195 |   120 |       ||   386
         Plate armour      |       |       |       |   212 |   408 ||   620
  Dodge: Dodged            |    56 |    81 |   149 |   214 |   265 ||   765
